 Dungeon Crawl Stone Soup version 0.25-a0-1056-g2efb326896 (webtiles) character file.

Game seed: 3560308688667853870, levelgen mode: deterministic

26968 MisterFreud the Carver (level 13, -8/92 HPs)
             Began as an Octopode Gladiator on May 13, 2020.
             Was a High Priest of Cheibriados.
             Mangled by a nine-headed hydra (11 damage)
             ... on level 4 of the Lair of Beasts.
             The game lasted 00:36:44 (17849 turns).

MisterFreud the Carver (Octopode Gladiator)        Turns: 17849, Time: 00:36:45

Health: -8/92      AC:  6    Str: 27    XL:     13   Next: 29%
Magic:  15/19      EV: 26    Int: 27    God:    Cheibriados [*****.]
Gold:   805        SH:  7    Dex: 27    Spells: 12/12 levels left

rFire    . . .     SeeInvis .   b - +4 long sword
rCold    + . .     Gourm    .   E - +0 buckler
rNeg     . . .     Faith    .   e - +2 hat
rPois    .         Spirit   .   g - amulet of magic regeneration
rElec    .         Reflect  .   t - +3 ring of protection
rCorr    .         Harm     .   z - ring of flight
MR       .....                  q - ring of protection from cold
Stlth    ++++......             a - ring of stealth
HPRegen  0.25/turn              (no ring)
MPRegen  0.41/turn              (no ring)
                                (no ring)
                                (no ring)

@: very slow
A: almost no armour, stealthy swim, amphibious, 8 rings, constrict 8, camouflage
1, gelatinous body 1
a: Bend Time, Temporal Distortion, Slouch, Step From Time, Renounce Religion,
Evoke Flight


You were on level 4 of the Lair of Beasts.
You worshipped Cheibriados.
Cheibriados was extremely pleased with you.
You were not hungry.

You visited 3 branches of the dungeon, and saw 15 of its levels.

You collected 925 gold pieces.
You spent 120 gold pieces at shops.

Inventory:

Hand Weapons
 b - a +4 long sword (weapon)
Missiles
 c - 5 throwing nets (quivered)
 i - 495 stones
 j - 112 sling bullets
 l - 34 poisoned darts
 n - 380 arrows
 p - 126 bolts
 s - 17 boomerangs
 v - 13 javelins
 B - 20 curare-tipped darts
Armour
 e - a +2 hat (worn)
 E - a +0 buckler (worn)
Jewellery
 a - a ring of stealth (on tentacle)
 g - an amulet of magic regeneration (around mantle)
 q - a ring of protection from cold (on tentacle)
 t - a +3 ring of protection (left tentacle)
 z - a ring of flight (right tentacle)
Wands
 r - a wand of enslavement (17)
 H - a wand of polymorph (14)
 K - a wand of iceblast (7)
Scrolls
 f - 3 scrolls of magic mapping
 k - 5 scrolls of identify
 u - a scroll of blinking
 w - a scroll of teleportation
 y - 3 scrolls of amnesia {unknown}
 C - 6 scrolls of random uselessness {unknown}
 G - 2 scrolls of enchant armour {unknown}
 I - 3 scrolls of fear {unknown}
 L - 3 scrolls of remove curse
 M - 3 scrolls of vulnerability {unknown}
 P - a scroll of silence {unknown}
Potions
 h - 3 potions of mutation
 m - a potion of degeneration
 o - 8 potions of curing
 x - a potion of lignification
 A - 4 potions of flight
 D - a potion of cancellation
 F - 2 potions of resistance
 J - 3 potions of magic
 N - a potion of heal wounds
 O - 2 potions of might
 Q - 2 potions of brilliance
 R - a potion of stabbing
Comestibles
 d - 34 rations


   Skills:
 - Level 10.0 Fighting
 + Level 13.2 Long Blades
 - Level 2.0 Throwing
 - Level 12.0 Dodging
 - Level 4.0 Shields
 - Level 8.0 Invocations
 - Level 5.0 Evocations


You had 12 spell levels left.
You didn't know any spells.
Your spell library contained the following spells:

 Spells                   Type           Power        Failure   Level  Hunger
 Corona                   Hex            #......      12%         1    ##.....
 Slow                     Hex            #.......     19%         2    ###....
 Inner Flame              Hex/Fire       #.......     34%         3    ####...
 Portal Projectile        Hex/Tloc       #.....       34%         3    ####...
 Cause Fear               Hex            #.........   75%         4    #####..
 Leda's Liquefaction      Hex/Erth       #.........   75%         4    #####..


Dungeon Overview and Level Annotations

Branches:
Dungeon (10/15)            Temple (1/1) D:4            Lair (4/6) D:9
 Shoals (0/4) Lair:4        Snake (0/4) Lair:2
    Orc: D:9-12

Altars:
Ashenzari
Cheibriados
Dithmenos
Elyvilon
Fedhas
Gozag
Hepliaklqana
Kikubaaqudgha
Makhleb
Nemelex Xobeh
Okawaru
Qazlal
Ru
Sif Muna
Trog
Uskayaw
Vehumet
Wu Jian
Xom
Yredelemnul
Zin
The Shining One

Shops:
D:4 [!*   D:7 (

Annotations:
D:3 2 transporters
Lair:1 2 transporters, Flugslaktarn's ghost, journeyman OpFi


Innate Abilities, Weirdness & Mutations

You cannot wear most types of armour.
You are very stealthy in the water. (Stealth+)
You are amphibious.
You can wear up to eight rings at the same time.
You can use your tentacles to constrict eight enemies at once.
Your skin changes colour to match your surroundings (Stealth+).
Your rubbery body absorbs attacks. (AC +1, EV +1)


Message History

You block the nine-headed hydra's attack. x2
The nine-headed hydra completely misses you.
Unknown command.
Unknown command.
Unknown command.
Unknown command.
Unknown command.
You fail to use your ability.
The nine-headed hydra closely misses you.
You riposte.
You hit the nine-headed hydra.
The nine-headed hydra is almost dead.
The nine-headed hydra bites you!
* * * LOW HITPOINT WARNING * * *
The nine-headed hydra misses you. The nine-headed hydra bites you!
* * * LOW HITPOINT WARNING * * *
The nine-headed hydra closely misses you.
The nine-headed hydra bites you.
* * * LOW HITPOINT WARNING * * *
The nine-headed hydra bites you!
You die...

#...# #.... ..# ##..#
#.... # ...# #..# #....
#. #..# #..####.... .#.
#..# ##...##..... ....
##..# #....#.#....
.....##...# ##..P.#.....
..........# ##.........#
......D@..###.........##
$.....##....#...###...#
..... #..........###..##
.... #.........###....#
... #....#.#...###...#
.. ##..####...##..... .
#..#.#...####...#
##...##...####....
#..........##.....


You could see a nine-headed hydra.

Vanquished Creatures
  A two-headed ogre (D:8)
  Urug (Lair:2)
  2 manticores (Lair:2)
  10 elephants
  4 black mambas
  2 molten gargoyles (Lair:4)
  7 spiny frogs
  2 rime drakes
  3 trolls
  A polar bear (Lair:4)
  A queen bee (Lair:2)
  5 blink frogs
  A hornet (D:5)
  8 hippogriffs
  Sigmund (D:4)
  A vampire (D:10)
  A wyvern (Lair:2)
  22 yaks
  4 sky beasts
  5 humans (D:8)
  A hungry ghost (D:7)
  4 basilisks
  A steam dragon (D:8)
  9 water moccasins
  9 porcupines
  An ice beast (D:10)
  An orc warrior (D:8)
  2 black bears
  4 ogres
  6 wolves
  5 centaurs
  8 crocodiles
  A big kobold (D:5)
  6 bullfrogs
  6 scorpions
  34 killer bees
  11 wights
  A jelly (D:10)
  2 crimson imps
  2 centaur zombies
  5 lava snakes (Lair:4)
  A quasit (D:8)
  6 orc priests
  8 hounds
  A bullfrog skeleton (D:9)
  5 orc wizards
  A centaur skeleton (D:7)
  2 iguanas
  4 hell rats (Lair:4)
  8 worker ants
  A hound zombie (D:7)
  A hound skeleton (D:5)
  4 gnolls (D:9)
  8 adders
  5 shadow imps
  3 oozes
  5 worms
  2 dart slugs
  6 leopard geckos
  25 orcs
  6 bats
  4 giant cockroaches
  5 goblins
  4 hobgoblins
  9 jackals
  2 quokkas
  5 frilled lizards
  6 kobolds
  A quokka skeleton (D:5)
  7 rats
  A butterfly (Lair:3)
347 creatures vanquished.

Vanquished Creatures (collateral kills)
  A centaur (D:5)
  2 hounds
3 creatures vanquished.

Vanquished Creatures (others)
  A yak (D:9)
  16 bushes (Lair:2)
  6 fungi (Lair:4)
  4 plants
27 creatures vanquished.

Grand Total: 377 creatures vanquished

Notes
Turn   | Place    | Note
-------+----------+-------------------------------------------
     0 | D:1      | MisterFreud the Octopode Gladiator began the quest for the
                  | Orb.
     0 | D:1      | Reached XP level 1. HP: 14/14 MP: 1/1
   194 | D:1      | Reached XP level 2. HP: 12/20 MP: 2/2
   731 | D:1      | Reached XP level 3. HP: 25/26 MP: 3/3
  1304 | D:2      | Found a bloodstained altar of Trog.
  1876 | D:2      | Reached XP level 4. HP: 33/33 MP: 4/4
  2459 | D:3      | Found a transporter.
  2491 | D:3      | Reached skill level 4 in Long Blades
  2676 | D:3      | Reached XP level 5. HP: 36/37 MP: 5/5
  2992 | D:3      | Found a transporter.
  3445 | D:4      | Found Guit's Distillery.
  3452 | D:4      | Bought a potion of heal wounds for 50 gold pieces
  3452 | D:4      | Bought a potion of lignification for 30 gold pieces
  3452 | D:4      | Bought a potion of might for 40 gold pieces
  3467 | D:4      | Noticed Sigmund
  3475 | D:4      | HP: 1/37 [Sigmund/puff of flame (9)]
  3477 | D:4      | Killed Sigmund
  3477 | D:4      | Reached skill level 6 in Long Blades
  3477 | D:4      | Reached XP level 6. HP: 35/43 MP: 6/6
  3542 | D:4      | Found Ydavyx's General Store.
  3884 | D:4      | Found a staircase to the Ecumenical Temple.
  3929 | Temple   | Entered the Ecumenical Temple
  4043 | Temple   | Became a worshipper of Cheibriados the Contemplative
  4141 | D:4      | Reached XP level 7. HP: 41/48 MP: 7/7
  4702 | D:4      | Reached skill level 5 in Dodging
  4927 | D:4      | Found Aqemor's Antique Armour Shop.
  4984 | D:5      | Entered Level 5 of the Dungeon
  5251 | D:5      | Reached * piety under Cheibriados
  5270 | D:5      | Noticed a hornet
  5282 | D:5      | Killed a hornet
  5282 | D:5      | Reached XP level 8. HP: 47/54 MP: 8/8
  6086 | D:6      | You fall into a shaft and drop 1 floor!
  6222 | D:7      | Reached skill level 1 in Invocations
  6222 | D:7      | Reached skill level 1 in Evocations
  6409 | D:7      | Reached skill level 1 in Shields
  6608 | D:7      | Reached ** piety under Cheibriados
  6608 | D:7      | Reached XP level 9. HP: 57/58 MP: 11/11
  7630 | D:7      | Reached *** piety under Cheibriados
  7647 | D:7      | Found Etzotwihem's Antique Weapon Emporium.
  7938 | D:8      | Reached skill level 5 in Invocations
  7939 | D:8      | Reached skill level 5 in Evocations
  8230 | D:8      | Reached skill level 5 in Fighting
  8241 | D:8      | Reached skill level 7 in Long Blades
  8247 | D:8      | Reached XP level 10. HP: 68/68 MP: 13/13
  8345 | D:8      | HP: 4/102 [steam dragon (6)]
  8756 | D:8      | Reached skill level 8 in Long Blades
  9093 | D:8      | Noticed a two-headed ogre
  9106 | D:8      | Killed a two-headed ogre
  9418 | D:9      | Reached skill level 9 in Long Blades
  9452 | D:9      | Reached **** piety under Cheibriados
  9721 | D:9      | Found a staircase to the Lair.
  9766 | D:9      | Reached skill level 10 in Long Blades
 10094 | D:9      | Found a glowing golden altar of the Shining One.
 10705 | D:10     | Entered Level 10 of the Dungeon
 10825 | D:10     | Reached ***** piety under Cheibriados
 10831 | D:10     | Reached XP level 11. HP: 64/72 MP: 15/15
 11661 | D:10     | Reached skill level 10 in Dodging
 11720 | Lair:1   | Entered Level 1 of the Lair of Beasts
 11737 | Lair:1   | Found a transporter.
 12239 | Lair:1   | Found a transporter.
 12252 | Lair:1   | Found a bloodstained altar of Trog.
 12257 | Lair:1   | Identified the +12 trident of Undoing {freeze, rC- rN+ MP+9
                  | Dex+3}
 12257 | Lair:1   | Noticed a spriggan rider
 12257 | Lair:1   | Noticed a moth of wrath
 12503 | Lair:1   | Identified the +7 trident of the Badger {antimagic, rN+
                  | Str+2}
 12503 | Lair:1   | Noticed a spriggan rider
 12505 | Lair:1   | Noticed Flugslaktarn's ghost (journeyman OpFi)
 13223 | Lair:2   | Noticed Urug
 13234 | Lair:2   | Killed Urug
 13234 | Lair:2   | Reached XP level 12. HP: 23/80 MP: 12/18
 13885 | Lair:2   | Reached skill level 11 in Long Blades
 14688 | Lair:2   | Found a staircase to the Snake Pit.
 14889 | Lair:2   | Reached ****** piety under Cheibriados
 16368 | Lair:4   | Reached skill level 12 in Long Blades
 16448 | Lair:4   | Reached XP level 13. HP: 31/91 MP: 19/19
 16726 | Lair:4   | Reached skill level 10 in Fighting
 17118 | Lair:4   | Reached skill level 13 in Long Blades
 17499 | Lair:4   | Found a staircase to the Shoals.
 17849 | Lair:4   | HP: 3/92 [nine-headed hydra (5)]
 17849 | Lair:4   | Mangled by a nine-headed hydra

Illustrated notes

Levels and vault maps discovered:
D:1:      dpeg_arrival_brainrot, layout_loops_ring
D:2:      minmay_general_purpose_star, layout_loops_cross, first_ration,
          bloody_trog
D:3:      gammafunk_steamed_eel, layout_basic
D:4:      layout_gridville, minmay_temple_entry_enclosed_plants, serial_shops,
          shop_statue, shop, nicolae_shop_behind_doors, kennysheep_small_square,
          uniq_sigmund
D:5:      layout_basic, minmay_divided_ellipse
D:6:      layout_loops_ring, minmay_crystal_room
D:7:      layout_loops_cross, serial_shops, shop
D:8:      layout_basic, minmay_ruffians
D:9:      layout_loops_ring, tso_altar, erik_lair_island
D:10:     layout_long_grid, serial_rivers, chequers_serial_rivers_micro_d,
          chequers_serial_rivers_room_b, chequers_serial_rivers_micro_d,
          chequers_serial_rivers_large_a, chequers_serial_rivers_room_b,
          chequers_serial_rivers_small_3, grunt_livestock, st_stairs_3,
          worms_lemuel
Temple:   kilobyte_greek_temple
Lair:1:   layout_gridlike, gammafunk_ghost_wrathful_warriors
Lair:2:   regret_index_tunnel_blossom, layout_chaotic_city, dummy_snake_entry,
          minmay_hedge_maze, minmay_stone_trees_medium, uniq_urug
Lair:3:   layout_misc_corridors, lemuel_fruit_fields
Lair:4:   cheibrodos_magma_flow, layout_small_grid, shoals_dummy_entry,
          chequers_serial_rivers_micro_a

Skill      XL: |  1  2  3  4  5  6  7  8  9 10 11 12 13 |
---------------+----------------------------------------+-----
Fighting       | 3 4 5 6 9 10 | 10.0
Long Blades    | 4 6 7 10 12 13 | 13.2
Dodging        | 4 6 8 9 12 | 12.0
Invocations    | 3 5 6 8 |  8.0
Evocations     | 3 5 |  5.0
Shields        | 2 4 |  4.0
Throwing       | |  2.0

Action                   |  1- 3 |  4- 6 |  7- 9 | 10-12 | 13-15 || total
-------------------------+-------+-------+-------+-------+-------++-------
Melee: Long sword        |    66 |    69 |   215 |   526 |    77 ||   953
       Constrict         |    18 |    20 |    54 |    93 |    13 ||   198
       Tentacles         |    13 |    15 |    80 |   258 |    45 ||   411
Invok: Slouch            |       |       |       |     3 |     2 ||     5
Evoke: Wand              |       |       |     1 |     2 |     1 ||     4
  Use: Scroll            |       |     5 |     9 |     6 |       ||    20
       Potion            |       |     1 |       |     6 |       ||     7
 Stab: Sleeping          |     7 |     2 |     7 |    11 |     3 ||    30
       Distracted        |       |     1 |       |     3 |       ||     4
  Eat: Chunk             |     3 |     7 |     9 |    14 |     2 ||    35
Armor: Skin              |     5 |     2 |    25 |   115 |     4 ||   151
Dodge: Dodged            |    59 |    60 |   148 |   443 |   102 ||   812
Block: Buckler           |       |       |    43 |   184 |    28 ||   255
       Rpst.: Long sword |    10 |    14 |    38 |   106 |    20 ||   188

Table legend:
 A = Non-vault XP
 B = Vault XP
 C = Vault XP percentage of total XP
 D = Non-vault monster count
 E = Vault monster count
 F = Vault count percentage of total count
                 A         B        C        D         E       F
            +---------+---------+-------+---------+---------+-------
      Total |   28354 |   10172 |  26.4 |     272 |      77 |  22.1
            +---------+---------+-------+---------+---------+-------
        D:1 |      44 |       0 |   0.0 |      25 |       0 |   0.0
        D:2 |      43 |       0 |   0.0 |      14 |       0 |   0.0
        D:3 |     128 |       0 |   0.0 |      22 |       0 |   0.0
        D:4 |     336 |     238 |  41.5 |      12 |       1 |   7.7
        D:5 |     478 |     366 |  43.4 |      11 |      10 |  47.6
        D:6 |     172 |       0 |   0.0 |       8 |       0 |   0.0
        D:7 |    1530 |       0 |   0.0 |      26 |       0 |   0.0
        D:8 |    1959 |    1028 |  34.4 |      20 |       7 |  25.9
        D:9 |    1855 |     650 |  25.9 |      28 |       6 |  17.6
       D:10 |    3886 |       0 |   0.0 |      32 |       0 |   0.0
     Lair:1 |    2230 |       0 |   0.0 |      12 |       0 |   0.0
     Lair:2 |    5094 |    6819 |  57.2 |      21 |      46 |  68.7
     Lair:3 |     738 |       0 |   0.0 |       6 |       0 |   0.0
     Lair:4 |    9861 |    1071 |   9.8 |      35 |       7 |  16.7
            +---------+---------+-------+---------+---------+-------
